 Dungeon Crawl Stone Soup version 0.27-a0-808-g60bc5d92e6 (webtiles) character file.

Game seed: 11878218339618449804

432 porpoise the Sneak (level 7, -8/41 HPs)
             Began as an Octopode Venom Mage on Mar 29, 2021.
             Was a Follower of Dithmenos.
             Mangled by Duvessa
             ... wielding a +3 short sword of distortion
              (15 damage)
             ... on level 4 of the Dungeon.
             The game lasted 00:17:30 (4181 turns).

porpoise the Sneak (Octopode Venom Mage)            Turns: 4181, Time: 00:17:30

Health: -8/41      AC:  1    Str:  7    XL:     7   Next: 0%
Magic:  4/10       EV: 15    Int: 17    God:    Dithmenos [*.....]
Gold:   73         SH:  5    Dex: 15    Spells: 4/10 levels left

rFire    . . .     SeeInvis .   a - +2 dagger (venom)
rCold    + . .     Faith    .   (no shield)
rNeg     . . .     Spirit   .   (helmet restricted)
rPois    +         Reflect  +   c - amulet of reflection
rElec    .         Harm     .   k - ring of protection from cold
rCorr    .         Rampage  .   u - ring of poison resistance
Will     .....                  (no ring)
Stlth    +++++.....             (no ring)
HPRegen  0.13/turn              (no ring)
MPRegen  0.12/turn              (no ring)
                                (no ring)
                                (no ring)

@: wreathed by umbra
A: almost no armour, amphibious, 8 rings, camouflage 1, gelatinous body 1,
(nimble swimmer 1), tentacles
a: Renounce Religion


You were on level 4 of the Dungeon.
You worshipped Dithmenos.
Dithmenos was aware of your devotion.
You visited 1 branch of the dungeon, and saw 4 of its levels.

You collected 112 gold pieces.
You spent 39 gold pieces at shops.

Inventory:

Hand Weapons
 a - a +2 dagger of venom (weapon)
 b - a +0 hunting sling
 w - a +0 rapier
Missiles
 e - 15 poisoned darts
 f - 52 sling bullets
Magical Staves
 h - a staff of conjuration
Jewellery
 c - an amulet of reflection (around mantle)
 k - a ring of protection from cold (left tentacle)
 l - an amulet of magic regeneration
 u - a ring of poison resistance (right tentacle)
Scrolls
 d - a scroll of identify
 g - a scroll of acquirement {unknown}
 i - a scroll of amnesia
 o - a scroll of brand weapon {unknown}
 p - a scroll of fog {unknown}
 r - a scroll of enchant armour
 s - a scroll of teleportation
 t - a scroll of silence {unknown}
Potions
 j - a potion of lignification
 n - 2 potions of attraction
 q - a potion of might


   Skills:
 * Level 4.5 Dodging
 + Level 5.8 Stealth
 - Level 2.0 Spellcasting
 - Level 1.0 Transmutations
 * Level 2.8 Air Magic
 - Level 5.0 Poison Magic


You had 4 spell levels left.
You knew the following spells:

 Your Spells              Type           Power      Damage    Failure   Level
a - Sting                 Tmut/Pois      44%        1d5       5%          1
b - Poisonous Vapours     Pois/Air       28%        N/A       6%          2
i - Ignite Poison         Fire/Tmut/Pois 8%         N/A       26%         3

Your spell library contained the following spells:

 Spells                   Type           Power      Damage    Failure   Level
 Summon Small Mammal      Summ           4%         N/A       19%         1
 Mephitic Cloud           Conj/Pois/Air  10%        N/A       21%         3
 Olgreb's Toxic Radiance  Pois           18%        N/A       24%         4
 Call Imp                 Summ           1%         N/A       28%         2
 Call Canine Familiar     Summ           1%         N/A       50%         3
 Summon Guardian Golem    Hex/Summ       1%         N/A       50%         3
 Summon Lightning Spire   Summ/Air       6%         N/A       73%         4
 Summon Ice Beast         Ice/Summ       1%         N/A       88%         4


Dungeon Overview and Level Annotations

Branches:
Dungeon (4/15)
 Temple: D:4-7

Altars:
Ashenzari
Dithmenos
Makhleb
Okawaru
Trog

Shops:
D:3 !=

Annotations:
D:4 Dowan, Duvessa


Innate Abilities, Weirdness & Mutations

You cannot wear most types of armour.
You are amphibious.
You can wear up to eight rings at the same time.
Your skin changes colour to match your surroundings (Stealth+).
Your rubbery body absorbs attacks. (AC +1, EV +1)
((You are camouflaged near water. (Stealth+)))
You have tentacles for arms and can constrict up to eight enemies at once.


Message History

Aiming: Poisonous Vapours (safe; 6% risk of failure)
Press: ? - help, Dir - move target, f - adder, p - Duvessa
Aim: an adder (umbra) Poisonous vapours surround the adder!
The adder is engulfed in poison gas.
The adder is poisoned.
The adder bites you. Dowan barely misses you.
Duvessa hits you with a +3 short sword of distortion!
Space bends around you!
* * * LOW HITPOINT WARNING * * *
The adder is engulfed in poison gas.
The adder looks even sicker.
The adder completely misses you. Dowan gestures at you while chanting.
You resist with some effort.
Dowan mumbles some strange words.
Dowan blinks!
You block the adder's attack.
Duvessa looks more healthy.
You kill the adder!
Dithmenos accepts your kill.
You have reached level 7!
Okay, then.
Unknown command.
You aren't carrying any items that you can evoke.
Unknown command.
Unknown command.
You feel better. Duvessa barely misses you.
Casting: Poisonous Vapours (safe; 6% risk of failure)
Confirm with . or Enter, or press ? or * to list all spells.
Aiming: Poisonous Vapours (safe; 6% risk of failure)
Press: ? - help, Dir - move target, f - Duvessa
Aim: Duvessa, wielding a +3 short sword of distortion and wearing a +0 ring mail (moderately wounded, umbra) Poisonous vapours surround Duvessa!
Duvessa is engulfed in poison gas.
Duvessa is poisoned.
Duvessa hits you with a +3 short sword of distortion!
* * * LOW HITPOINT WARNING * * *
You blink.
You barely miss Duvessa. You grab Duvessa.
Duvessa is heavily wounded.
You constrict Duvessa.
Duvessa hits you with a +3 short sword of distortion!
You die...

≈≈≈≈≈....#...........#
#≈≈≈≈....#...........#
≈##≈#....#..##...##[>#
≈≈..#....#..##...##..#
≈...#....#.......#...#
....#....#.......##..#
##..#....#.......##..#
##..#....#..##...##...
+...+....#..##.e@# ...
#...#....#.......#
###'#....#.......#
#........#..##..<#
.........#..######
.........#...+
.........#...#
.........#...#
.........#.e.#


You could see Duvessa (poisoned).

Vanquished Creatures
  Edmund (D:4)
  A jelly (D:4)
  An iguana (D:4)
  Natasha (thrice) (D:4)
  3 gnolls (D:3)
  6 adders
  An adder skeleton (D:4)
  11 dart slugs
  An orc (D:3)
  8 endoplasms
  2 giant cockroaches
  5 goblins
  8 hobgoblins
  2 jackals (D:3)
  4 quokkas
  6 ball pythons
  7 bats
  3 frilled lizards
  11 kobolds
  7 rats
91 creatures vanquished.

Notes
Turn   | Place    | Note
-------+----------+-------------------------------------------
     0 | D:1      | porpoise the Octopode Venom Mage began the quest for the
                  | Orb.
     0 | D:1      | Reached XP level 1. HP: 11/11 MP: 3/3
   194 | D:1      | Reached XP level 2. HP: 17/17 MP: 5/5
   816 | D:1      | Reached XP level 3. HP: 21/21 MP: 4/6
  1142 | D:2      | Found a broken altar of Ashenzari.
  1341 | D:2      | Found a shadowy altar of Dithmenos.
  1387 | D:2      | Became a worshipper of Dithmenos the Shadowed
  1522 | D:2      | Found a bloodstained altar of Trog.
  1530 | D:2      | Reached XP level 4. HP: 27/27 MP: 7/7
  1965 | D:3      | Learned a level 2 spell: Poisonous Vapours
  2152 | D:3      | Found Gayv Epi's Distillery.
  2181 | D:3      | Bought a potion of curing for 39 gold pieces
  2211 | D:3      | Found Cayne's Jewellery Emporium.
  2319 | D:3      | Found a shadowy altar of Dithmenos.
  2319 | D:3      | Found a burning altar of Makhleb.
  2352 | D:3      | Found an iron altar of Okawaru.
  2549 | D:3      | Reached XP level 5. HP: 31/31 MP: 1/8
  2793 | D:3      | Reached * piety under Dithmenos
  3284 | D:4      | Reached skill level 5 in Poison Magic
  3345 | D:4      | Learned a level 3 spell: Ignite Poison
  3347 | D:4      | Noticed Natasha
  3353 | D:4      | Killed Natasha
  3354 | D:4      | Reached skill level 5 in Stealth
  3378 | D:4      | Noticed Edmund
  3398 | D:4      | Reached skill level 1 in Air Magic
  3402 | D:4      | Killed Edmund
  3403 | D:4      | Reached XP level 6. HP: 5/36 MP: 5/9
  3451 | D:4      | Noticed Natasha
  3532 | D:4      | Killed Natasha
  3665 | D:4      | Noticed Natasha
  3675 | D:4      | Killed Natasha
  4158 | D:4      | Noticed Dowan
  4159 | D:4      | Noticed Duvessa
  4176 | D:4      | Reached XP level 7. HP: 6/41 MP: 6/10
  4181 | D:4      | Mangled by Duvessa

Illustrated notes

Levels and vault maps discovered:
D:1:      minmay_arrival_jagged, layout_loops_ring,
          chequers_serial_rivers_large_b
D:2:      layout_loops_ring, old_standard_altar, nicolae_ashenzari_panopticon,
          nicolae_dithmenos_through_a_glass_darkly
D:3:      minmay_wonky_spiral, layout_basic, grunt_temple_overflow_open,
          serial_shops, nicolae_shop_waterfront, shop, minmay_stone_trees_small
D:4:      kennysheep_slugbush, layout_gridville, uniq_edmund, uniq_natasha,
          uniq_duvessa

Skill      XL: |  1  2  3  4  5 |
---------------+----------------+-----
Stealth        | 3 4 5 |  5.8
Poison Magic   | 4 5 |  5.0
Dodging        | 3 4 |  4.5
Air Magic      | 2 |  2.8
Spellcasting   | |  2.0
Transmutations | |  1.0

Action                   |  1- 3 |  4- 6 |  7- 9 || total
-------------------------+-------+-------+-------++-------
Melee: Dagger            |    42 |    86 |     1 ||   129
       Constrict         |    10 |    21 |     1 ||    32
       Tentacles         |     1 |    18 |       ||    19
 Fire: Hunting sling     |       |    11 |       ||    11
 Cast: Sting             |    13 |    22 |       ||    35
       Poisonous Vapours |       |    12 |     1 ||    13
  Use: Potion            |     1 |       |     1 ||     2
       Scroll            |       |     6 |       ||     6
 Stab: Sleeping          |    18 |    13 |       ||    31
Armor: Skin              |       |     3 |       ||     3
Dodge: Dodged            |    15 |    59 |     1 ||    75
Block: Other             |     1 |    18 |       ||    19

Table legend: (Time is in decaauts)
 A = Elapsed time spent in this place.
 B = Non-inter-level travel time spent in this place.
 C = Inter-level travel time spent in this place.
 D = Time resting spent in this place.
 E = Time spent auto-exploring this place.
 F = Levels seen in this place.
 G = Mean time per level.
                   A        B        C        D        E       F      G
               +--------+--------+--------+--------+--------+-----+--------+
         Total |   4177 |   4079 |     98 |   1487 |   1861 |   4 | 1044.2 |
       Dungeon |   4177 |   4079 |     98 |   1487 |   1861 |   4 | 1044.2 |
               +--------+--------+--------+--------+--------+-----+--------+

Top non-repeatable levels by time:
     D:3: 1373 daAuts
     D:1: 1007 daAuts
     D:4: 976 daAuts
     D:2: 820 daAuts
